[Event "Lueneburg Open-A 2019"]
[Site "Lueneburg"]
[Date "2019.08.08"]
[Round "6.10"]
[White "Hommer, Jeremy"]
[Black "Stork, Oliver"]
[Result "1-0"]
[ECO "D02"]
[WhiteElo "2083"]
[BlackElo "2322"]
[Annotator "NA"]
[PlyCount "59"]
[EventDate "2019.08.03"]
[EventType "swiss"]
[EventCountry "GER"]
[SourceTitle "playchess.com"]
[Source "ChessBase"]
[SourceQuality "1"]
[TimeControl "40/5400+30:1800+30"]

1. d4 Nf6 2. Bf4 d5 3. e3 c5 4. c3 Nc6 5. Nd2 e6 6. Ngf3 Bd6 7. Bg3 O-O 8. Bd3 b6 9. Qe2 Bb7 10. Rd1 Re8 11. e4 Be7 12. e5 Nh5 13. h4 Nxg3 14. fxg3 Rf8 15. O-O Rc8 16. Rf2 cxd4 17. Nxd4 Qc7 18. N2f3 a6 19. Bb1 Nxd4 20. Nxd4 b5 21. Rdf1 Bc6 22. Bxh7+ Kxh7 23. Rxf7 Be8 24. Rxf8 Bxf8 25. Rxf8 Bg6 26. Rxc8 Qxc8 27. Qg4 Qc4 28. Qf4 Qxa2 29. Nxe6 Qxb2 30. Qf8 1-0

[Event "Lueneburg Open-A 2019"]
[Site "Lueneburg"]
[Date "2019.08.08"]
[Round "6.11"]
[White "Kolbus, Dietmar"]
[Black "Blum, Frederik"]
[Result "1-0"]
[ECO "A25"]
[WhiteElo "2281"]
[BlackElo "2037"]
[Annotator "NA"]
[PlyCount "57"]
[EventDate "2019.08.03"]
[EventType "swiss"]
[EventCountry "GER"]
[SourceTitle "playchess.com"]
[Source "ChessBase"]
[SourceQuality "1"]
[TimeControl "40/5400+30:1800+30"]

1. c4 e5 2. g3 Nc6 3. Bg2 Bc5 4. Nc3 a6 5. Nf3 Nf6 6. Nxe5 Bxf2+ 7. Kxf2 Nxe5 8. b3 c5 9. Bb2 O-O 10. Rf1 d6 11. Kg1 Qe7 12. Qc2 Be6 13. Rae1 h6 14. e3 Nc6 15. d4 Bg4 16. Qd2 Rae8 17. Nd5 Nxd5 18. cxd5 Nd8 19. dxc5 dxc5 20. Qc3 f6 21. Qc4 Bc8 22. d6+ Qf7 23. Qxc5 Ne6 24. Qb6 Ng5 25. Ba3 Qd7 26. Rc1 Ne6 27. Bh3 Rf7 28. e4 Rd8 29. Bxe6 1-0

[Event "Lueneburg Open-A 2019"]
[Site "Lueneburg"]
[Date "2019.08.08"]
[Round "6.12"]
[White "von Estorff, Jacob"]
[Black "Colbow, Collin"]
[Result "1-0"]
[ECO "B95"]
[WhiteElo "2055"]
[BlackElo "2167"]
[Annotator "NA"]
[PlyCount "71"]
[EventDate "2019.08.03"]
[EventType "swiss"]
[EventCountry "GER"]
[SourceTitle "playchess.com"]
[Source "ChessBase"]
[SourceQuality "1"]
[TimeControl "40/5400+30:1800+30"]

1. e4 c5 2. Nf3 d6 3. d4 cxd4 4. Nxd4 Nf6 5. Nc3 a6 6. Bg5 e6 7. Qd2 Be7 8. O-O-O b5 9. Bd3 Bb7 10. f4 Nbd7 11. Rhe1 h6 12. e5 hxg5 13. exf6 gxf6 14. Rxe6 Qb6 15. Rxe7+ Kxe7 16. Nf5+ Kf8 17. Be4 Bxe4 18. Nxe4 Qc6 19. Nexd6 Rxh2 20. Qe3 Rh7 21. Re1 Nc5 22. Qe7+ Kg8 23. Qxf6 Kf8 24. Qe7+ Kg8 25. Qxg5+ Kf8 26. Qe7+ Kg8 27. Qf6 Kf8 28. Kb1 b4 29. b3 a5 30. Nh6 Qc7 31. Nhxf7 Ne4 32. Rxe4 Rh1+ 33. Kb2 Qc3+ 34. Qxc3 bxc3+ 35. Kxc3 Rg1 36. Re2 1-0

[Event "Lueneburg Open-A 2019"]
[Site "Lueneburg"]
[Date "2019.08.08"]
[Round "6.14"]
[White "Comes, Bruno"]
[Black "Wobbe, Sven"]
[Result "1-0"]
[ECO "B42"]
[WhiteElo "2165"]
[BlackElo "2019"]
[Annotator "NA"]
[PlyCount "85"]
[EventDate "2019.08.03"]
[EventType "swiss"]
[EventCountry "GER"]
[SourceTitle "playchess.com"]
[Source "ChessBase"]
[SourceQuality "1"]
[TimeControl "40/5400+30:1800+30"]

1. e4 c5 2. Nf3 e6 3. d4 cxd4 4. Nxd4 a6 5. Bd3 Nf6 6. O-O d6 7. c4 Be7 8. Nc3 Nc6 9. Nc2 O-O 10. Be3 b6 11. f4 Bb7 12. Qe2 Rb8 13. Rad1 Qc7 14. g4 Nd7 15. g5 Rfe8 16. Rf3 Bd8 17. Rh3 Nf8 18. Rf1 g6 19. Qf2 Ne7 20. Nd4 d5 21. cxd5 exd5 22. f5 dxe4 23. Bf4 Qd7 24. Bxb8 exd3 25. Rxd3 Nc6 26. fxg6 Nxg6 27. Nxc6 Qxc6 28. Qxf7+ Kh8 29. Nd5 Bxg5 30. Rc3 Qxd5 31. Qxe8+ Kg7 32. Qf7+ Qxf7 33. Rxf7+ Kxf7 34. Rc7+ Ke6 35. Rxb7 Be3+ 36. Kg2 h6 37. Kf3 Bc5 38. Rh7 Nh4+ 39. Ke4 Nf5 40. Bf4 Bf8 41. Rb7 Bc5 42. b4 Bf2 43. Ra7 1-0

[Event "Lueneburg Open-A 2019"]
[Site "Lueneburg"]
[Date "2019.08.08"]
[Round "6.15"]
[White "Ramme, Christoph"]
[Black "Anderberg, Peter"]
[Result "0-1"]
[ECO "E05"]
[WhiteElo "2154"]
[BlackElo "2014"]
[Annotator "NA"]
[PlyCount "98"]
[EventDate "2019.08.03"]
[EventType "swiss"]
[EventCountry "GER"]
[SourceTitle "playchess.com"]
[Source "ChessBase"]
[SourceQuality "1"]
[TimeControl "40/5400+30:1800+30"]

1. d4 Nf6 2. c4 e6 3. g3 d5 4. Nf3 Be7 5. Bg2 O-O 6. O-O dxc4 7. Qc2 a6 8. a4 Bd7 9. Qxc4 Bc6 10. Bf4 Nbd7 11. Nc3 Nb6 12. Qd3 Nbd5 13. Bg5 Nxc3 14. bxc3 Be4 15. Qe3 Bd5 16. Qd3 Be4 17. Qe3 Bd5 18. Bxf6 Bxf6 19. Qd3 c5 20. e4 Bc6 21. Rfd1 Qa5 22. h4 h6 23. e5 Be7 24. Nd2 Bxg2 25. Kxg2 cxd4 26. cxd4 Qd5+ 27. Kg1 Rfc8 28. Nf1 Bb4 29. Ne3 Qf3 30. Rdc1 Rc6 31. Rc4 Rac8 32. Rac1 Be1 33. Qf1 Bd2 34. Rxc6 Rxc6 35. Rxc6 Qxc6 36. Qd1 Bxe3 37. fxe3 b5 38. axb5 axb5 39. Qb3 Qf3 40. Kh2 Qf2+ 41. Kh3 Qf1+ 42. Kh2 h5 43. Qb2 Qc4 44. Kg2 b4 45. Kf2 b3 46. Ke1 Qd3 47. Qd2 Qb1+ 48. Qd1 Qa2 49. d5 b2 0-1

[Event "Lueneburg Open-A 2019"]
[Site "Lueneburg"]
[Date "2019.08.08"]
[Round "6.16"]
[White "Deutschbein, Christopher"]
[Black "Haas, Frank-Martin"]
[Result "1/2-1/2"]
[ECO "C01"]
[WhiteElo "2015"]
[BlackElo "2152"]
[Annotator "NA"]
[PlyCount "47"]
[EventDate "2019.08.03"]
[EventType "swiss"]
[EventCountry "GER"]
[SourceTitle "playchess.com"]
[Source "ChessBase"]
[SourceQuality "1"]
[TimeControl "40/5400+30:1800+30"]

1. e4 e6 2. d4 d5 3. Nc3 Nf6 4. Bg5 Be7 5. exd5 exd5 6. Qd2 Bf5 7. Nf3 c6 8. Nh4 Be6 9. Bd3 h6 10. Bf4 Ne4 11. Bxe4 dxe4 12. g3 Nd7 13. Ng2 g5 14. Be3 Bh3 15. Rg1 f5 16. O-O-O Bg4 17. Rde1 Nb6 18. d5 Nxd5 19. Nxd5 Qxd5 20. Qxd5 cxd5 21. Bd4 Rf8 22. Ne3 Rd8 23. Bxa7 Ra8 24. Bd4 1/2-1/2

[Event "Lueneburg Open-A 2019"]
[Site "Lueneburg"]
[Date "2019.08.08"]
[Round "6.17"]
[White "Terhorst, Jochen"]
[Black "Koellner, Aaron Noah"]
[Result "0-1"]
[ECO "C24"]
[WhiteElo "2144"]
[BlackElo "2044"]
[Annotator "NA"]
[PlyCount "48"]
[EventDate "2019.08.03"]
[EventType "swiss"]
[EventCountry "GER"]
[SourceTitle "playchess.com"]
[Source "ChessBase"]
[SourceQuality "1"]
[TimeControl "40/5400+30:1800+30"]

1. e4 d6 2. Bc4 Nf6 3. d3 e5 4. f4 Be7 5. Nf3 c6 6. O-O Qc7 7. Kh1 O-O 8. Nc3 b5 9. Bb3 a5 10. a4 b4 11. Ne2 Nbd7 12. c3 d5 13. fxe5 Nxe5 14. Bf4 Bd6 15. d4 Nxf3 16. Bxd6 Qxd6 17. gxf3 dxe4 18. Ng3 exf3 19. Qxf3 bxc3 20. bxc3 Bg4 21. Qg2 Rab8 22. Bc2 g6 23. Rxf6 Qxf6 24. Ne4 Qf3 0-1

[Event "Lueneburg Open-A 2019"]
[Site "Lueneburg"]
[Date "2019.08.08"]
[Round "6.18"]
[White "Dijkhuis, Oele"]
[Black "Ploder, Udo"]
[Result "0-1"]
[ECO "C44"]
[WhiteElo "2161"]
[BlackElo "1942"]
[Annotator "ChessBase"]
[PlyCount "126"]
[EventDate "2019.08.03"]
[EventType "swiss"]
[EventCountry "GER"]
[SourceTitle "playchess.com"]
[Source "ChessBase"]
[SourceQuality "1"]
[TimeControl "40/5400+30:1800+30"]

1. e4 e5 2. Nf3 Nc6 3. c3 Nf6 4. d4 Nxe4 5. d5 Bc5 6. dxc6 Bxf2+ 7. Ke2 Bb6 8. Qd5 Nf2 9. Rg1 O-O 10. cxb7 Bxb7 11. Qxb7 Qf6 12. Na3 e4 13. Nc4 Rab8 14. Qd5 Ng4 15. Nxb6 Rxb6 16. Qg5 exf3+ 17. Kd1 f2 18. Rh1 Qe6 19. Kc2 Qe4+ 20. Bd3 Qxg2 21. Bd2 Re8 22. Rhf1 Rf6 23. Bf5 Ne3+ 24. Bxe3 Qxg5 25. Bxh7+ Kxh7 26. Bxg5 Rf5 27. Bh4 Re2+ 28. Kd3 Rxb2 29. Ke4 g6 30. a4 c5 31. Bg3 d5+ 32. Ke3 Rc2 33. Kd3 Rb2 34. Ke3 Rc2 35. Rxf2 d4+ 36. cxd4 cxd4+ 37. Kxd4 Rcxf2 38. Bxf2 Rxf2 39. Kc5 Rxh2 40. Kb5 Re2 41. a5 g5 42. Rc1 Re7 43. a6 g4 44. Rh1+ Kg7 45. Rh5 f6 46. Kc6 Kg6 47. Rh8 g3 48. Rh3 Re3 49. Rh8 Kg7 50. Rh1 Rb3 51. Kd5 f5 52. Ke5 Rf3 53. Rh5 Kg6 54. Rh8 f4 55. Ra8 Kg5 56. Rxa7 Re3+ 57. Kd4 Re8 58. Rb7 f3 59. Rg7+ Kf4 60. a7 g2 61. Rf7+ Kg3 62. Rg7+ Kf2 63. Re7 Rd8+ 0-1

[Event "Lueneburg Open-A 2019"]
[Site "Lueneburg"]
[Date "2019.08.08"]
[Round "6.19"]
[White "Prasse, Philipp"]
[Black "Rick, Uwe"]
[Result "1/2-1/2"]
[ECO "B22"]
[WhiteElo "2003"]
[BlackElo "2113"]
[Annotator "NA"]
[PlyCount "80"]
[EventDate "2019.08.03"]
[EventType "swiss"]
[EventCountry "GER"]
[SourceTitle "playchess.com"]
[Source "ChessBase"]
[SourceQuality "1"]
[TimeControl "40/5400+30:1800+30"]

1. e4 c5 2. c3 Nf6 3. e5 Nd5 4. d4 cxd4 5. Nf3 d6 6. cxd4 Nc6 7. Bc4 e6 8. O-O Be7 9. Bd2 O-O 10. Nc3 dxe5 11. dxe5 Nxc3 12. Bxc3 Qb6 13. Qe2 Bd7 14. Rad1 Rfd8 15. Qe4 Nb4 16. Bxb4 Qxb4 17. Bd3 Qxe4 18. Bxe4 Bb5 19. Rxd8+ Rxd8 20. Rc1 b6 21. h3 Bc5 22. a3 a5 23. g3 h6 24. Kg2 g5 25. g4 Kf8 26. Kg3 Ke7 27. b4 axb4 28. axb4 Bd4 29. Rc7+ Kf8 30. Bc6 Be2 31. Nxd4 Rxd4 32. b5 Rb4 33. Rb7 Bxb5 34. Rxb6 Rb3+ 35. Kh2 Bc4 36. Rxb3 Bxb3 37. Kg3 Ke7 38. f4 f6 39. exf6+ Kxf6 40. fxg5+ hxg5 1/2-1/2

[Event "Lueneburg Open-A 2019"]
[Site "Lueneburg"]
[Date "2019.08.08"]
[Round "6.20"]
[White "Bosselmann, Tom Linus"]
[Black "Klages, Hans Juergen"]
[Result "1/2-1/2"]
[ECO "B21"]
[WhiteElo "2000"]
[BlackElo "2095"]
[Annotator "NA"]
[PlyCount "36"]
[EventDate "2019.08.03"]
[EventType "swiss"]
[EventCountry "GER"]
[SourceTitle "playchess.com"]
[Source "ChessBase"]
[SourceQuality "1"]
[TimeControl "40/5400+30:1800+30"]

1. e4 c5 2. d3 g6 3. f4 Bg7 4. Nf3 e6 5. Be2 Ne7 6. O-O O-O 7. c3 d5 8. e5 b6 9. Na3 Ba6 10. Nc2 Nbc6 11. Be3 f6 12. d4 Bxe2 13. Qxe2 cxd4 14. cxd4 f5 15. h3 Rc8 16. Na3 Qd7 17. Bd2 Nd8 18. Rac1 Nf7 1/2-1/2

[Event "Lueneburg Open-A 2019"]
[Site "Lueneburg"]
[Date "2019.08.08"]
[Round "6.21"]
[White "Chennaoui, Yasin"]
[Black "Probst, Alexander"]
[Result "1-0"]
[ECO "A09"]
[WhiteElo "2092"]
[BlackElo "1969"]
[Annotator "NA"]
[PlyCount "83"]
[EventDate "2019.08.03"]
[EventType "swiss"]
[EventCountry "GER"]
[SourceTitle "playchess.com"]
[Source "ChessBase"]
[SourceQuality "1"]
[TimeControl "40/5400+30:1800+30"]

1. g3 d5 2. Nf3 c5 3. Bg2 Nc6 4. c4 d4 5. e3 Nf6 6. exd4 Nxd4 7. d3 g6 8. Nxd4 cxd4 9. O-O Bg7 10. b4 O-O 11. Nd2 Bf5 12. Nf3 Qd7 13. Bb2 Bg4 14. Ne5 Bxd1 15. Nxd7 Nxd7 16. Rfxd1 Rab8 17. a4 e5 18. a5 f5 19. Ba3 Rfe8 20. Bd5+ Kh8 21. c5 Nf6 22. Bf7 Re7 23. Bc4 Bf8 24. Rac1 Rd7 25. f4 Ng4 26. h3 Ne3 27. fxe5 Nxd1 28. Rxd1 Be7 29. Bc1 Rf8 30. Bh6 Rfd8 31. e6 Rc7 32. Bf4 Rcc8 33. Be5+ Kg8 34. Rf1 Kf8 35. g4 Bxc5 36. bxc5 Rxc5 37. Bf6 Rd6 38. Re1 Rxa5 39. e7+ Ke8 40. Bf7+ Kxf7 41. e8=Q+ Kxf6 42. Qe7# 1-0

[Event "Lueneburg Open-A 2019"]
[Site "Lueneburg"]
[Date "2019.08.08"]
[Round "6.22"]
[White "Thanisch, Matthias"]
[Black "Schulz, Daniel"]
[Result "1/2-1/2"]
[ECO "D79"]
[WhiteElo "1991"]
[BlackElo "2071"]
[Annotator "NA"]
[PlyCount "87"]
[EventDate "2019.08.03"]
[EventType "swiss"]
[EventCountry "GER"]
[SourceTitle "playchess.com"]
[Source "ChessBase"]
[SourceQuality "1"]
[TimeControl "40/5400+30:1800+30"]

1. d4 g6 2. Nf3 Bg7 3. g3 Nf6 4. c4 O-O 5. Bg2 c6 6. O-O d5 7. cxd5 cxd5 8. Ne5 Nc6 9. Nc3 Ne4 10. Nxc6 bxc6 11. Nxe4 dxe4 12. Bxe4 Bh3 13. Bg2 Bxg2 14. Kxg2 Bxd4 15. Qc2 Qb6 16. Rb1 Rfd8 17. b3 Qa6 18. Rd1 Rd5 19. Bb2 Bxb2 20. Rxd5 cxd5 21. Rxb2 Rc8 22. Qd2 Qc6 23. Qd4 Rc7 24. Rd2 e6 25. h3 a5 26. Kh2 Qc1 27. Rd1 Qc2 28. Qd2 Qc5 29. Kg2 h5 30. h4 Rc8 31. Qd3 Rc7 32. Rd2 Qc1 33. Rd1 Qc2 34. Qd2 Qe4+ 35. f3 Qc2 36. Kf2 Qc5+ 37. Qd4 Qc2 38. Qd2 Qc5+ 39. Qd4 Qb5 40. Qd3 Qb4 41. Qd4 Qb5 42. Qd3 Qc5+ 43. Qd4 Qc2 44. Qd2 1/2-1/2

[Event "Lueneburg Open-A 2019"]
[Site "Lueneburg"]
[Date "2019.08.08"]
[Round "6.23"]
[White "Koellner, Christof"]
[Black "Berres, Eric"]
[Result "1/2-1/2"]
[ECO "D00"]
[WhiteElo "2091"]
[BlackElo "1890"]
[Annotator "NA"]
[PlyCount "144"]
[EventDate "2019.08.03"]
[EventType "swiss"]
[EventCountry "GER"]
[SourceTitle "playchess.com"]
[Source "ChessBase"]
[SourceQuality "1"]
[TimeControl "40/5400+30:1800+30"]

1. d4 Nf6 2. Bg5 d5 3. e3 c5 4. Bxf6 gxf6 5. dxc5 Nc6 6. a3 e6 7. c4 d4 8. Nf3 Qa5+ 9. Qd2 dxe3 10. fxe3 Bxc5 11. Kf2 Qxd2+ 12. Nbxd2 a5 13. Ne4 Be7 14. Rd1 O-O 15. Be2 b6 16. Nd6 Rd8 17. Nb5 Bb7 18. Nbd4 Rac8 19. Nxc6 Bxc6 20. Nd4 Bb7 21. a4 Ba6 22. b3 Bc5 23. Bf3 Bxd4 24. exd4 Rc7 25. g4 Bb7 26. Bxb7 Rxb7 27. Ke3 Kf8 28. Rhf1 Ke7 29. Rf4 Rbd7 30. Re4 Kf8 31. Rf1 Kg7 32. Kd3 Rd6 33. Kc3 R8d7 34. Rf3 Kg6 35. h4 Rc7 36. Rd3 Kg7 37. Re2 Rcd7 38. Rb2 Rc7 39. Kd2 Rc8 40. Ke3 h6 41. Rf2 Rcd8 42. Ke4 R6d7 43. Rfd2 Rd6 44. h5 R8d7 45. Rf2 Rd8 46. Ke3 R6d7 47. Ke4 Rd6 48. Rfd2 R8d7 49. c5 Rc6 50. Rc2 Rd5 51. Rdc3 Rg5 52. Kf4 e5+ 53. dxe5 fxe5+ 54. Ke4 Rxg4+ 55. Kd5 Rxc5+ 56. Rxc5 bxc5 57. Rxc5 e4 58. Kd4 Rg5 59. Rb5 Rg3 60. Kxe4 Kf6 61. Kd4 Ke7 62. Rxa5 Rxb3 63. Ra6 Ra3 64. Ke5 f6+ 65. Kf5 Rg3 66. Ra7+ Kd6 67. Kxf6 Rg5 68. Ra6+ Kc7 69. Ra7+ Kb6 70. Re7 Rxh5 71. Re5 Rxe5 72. Kxe5 Ka5 1/2-1/2

[Event "Lueneburg Open-A 2019"]
[Site "Lueneburg"]
[Date "2019.08.08"]
[Round "6.24"]
[White "Schwarz, Jochen"]
[Black "Garbuszus, Juergen"]
[Result "1/2-1/2"]
[ECO "A10"]
[WhiteElo "1909"]
[BlackElo "2070"]
[Annotator "NA"]
[PlyCount "102"]
[EventDate "2019.08.03"]
[EventType "swiss"]
[EventCountry "GER"]
[SourceTitle "playchess.com"]
[Source "ChessBase"]
[SourceQuality "1"]
[TimeControl "40/5400+30:1800+30"]

1. c4 f5 2. Nc3 Nf6 3. Nf3 g6 4. g3 Bg7 5. Bg2 O-O 6. O-O d6 7. d3 Nc6 8. h3 Nh5 9. e4 f4 10. g4 Nf6 11. d4 e5 12. dxe5 dxe5 13. g5 Ne8 14. Nd5 Be6 15. b3 Nd6 16. Re1 Rf7 17. Bb2 Qd7 18. Kh2 Re8 19. Qd3 Qd8 20. Rad1 Rd7 21. Qe2 Nf7 22. h4 Bg4 23. Bh3 Bxh3 24. Kxh3 Qc8 25. Kg2 Ncd8 26. Nh2 c6 27. Nb4 Ne6 28. f3 Red8 29. Ng4 Qc7 30. Bc3 h6 31. gxh6 Nxh6 32. Nxh6+ Bxh6 33. Nd3 Bg7 34. Rd2 Bf6 35. Red1 Rh7 36. Nf2 Nd4 37. Bxd4 exd4 38. Ng4 Bh8 39. e5 c5 40. Qe4 Qf7 41. Re2 Qf5 42. Rh1 d3 43. Rd2 Qxe4 44. fxe4 Re7 45. Kf3 Bxe5 46. Nxe5 Rxe5 47. Kxf4 Re6 48. Rh3 Rf8+ 49. Ke3 Rfe8 50. Kxd3 Rxe4 51. Rg2 Rd4+ 1/2-1/2

[Event "Lueneburg Open-A 2019"]
[Site "Lueneburg"]
[Date "2019.08.08"]
[Round "6.25"]
[White "Serreck, Uwe"]
[Black "Jurkic, Bosiljko"]
[Result "0-1"]
[ECO "B40"]
[WhiteElo "1869"]
[BlackElo "2046"]
[Annotator "NA"]
[PlyCount "84"]
[EventDate "2019.08.03"]
[EventType "swiss"]
[EventCountry "GER"]
[SourceTitle "playchess.com"]
[Source "ChessBase"]
[SourceQuality "1"]
[TimeControl "40/5400+30:1800+30"]

1. e4 c5 2. b3 b6 3. Bb2 Bb7 4. d3 e6 5. Nf3 Nf6 6. Nbd2 d5 7. Qe2 Be7 8. g3 Nc6 9. c3 d4 10. c4 Nb4 11. Qd1 a5 12. a4 h5 13. Ba3 Nc6 14. Bg2 Ng4 15. h3 Nh6 16. Qe2 Qc7 17. O-O-O O-O-O 18. Kb1 Kb8 19. Bc1 Ka7 20. Nh2 h4 21. g4 g5 22. Ndf3 f6 23. Nf1 Nf7 24. N1d2 Rhe8 25. Rhe1 Bd6 26. Qf1 Bf4 27. Kb2 Nb4 28. Kb1 Bc6 29. Bh1 Qd7 30. Ba3 Bxa4 31. Bxb4 axb4 32. Kb2 Bc6 33. Ra1+ Kb7 34. Ra2 Ra8 35. Rea1 Rxa2+ 36. Rxa2 Ra8 37. Qa1 Rxa2+ 38. Qxa2 f5 39. Qb1 fxg4 40. hxg4 e5 41. Qg1 Nh6 42. Kc2 Qxg4 0-1

[Event "Lueneburg Open-A 2019"]
[Site "Lueneburg"]
[Date "2019.08.08"]
[Round "6.26"]
[White "Grote, Dirk"]
[Black "Beuter, Christof"]
[Result "1-0"]
[ECO "E66"]
[WhiteElo "2037"]
[BlackElo "1930"]
[Annotator "NA"]
[PlyCount "53"]
[EventDate "2019.08.03"]
[EventType "swiss"]
[EventCountry "GER"]
[SourceTitle "playchess.com"]
[Source "ChessBase"]
[SourceQuality "1"]
[TimeControl "40/5400+30:1800+30"]

1. d4 Nf6 2. Nf3 g6 3. g3 Bg7 4. Bg2 O-O 5. c4 d6 6. O-O Nc6 7. Nc3 a6 8. d5 Na5 9. Nd2 c5 10. Qc2 Bf5 11. e4 Bd7 12. b3 b5 13. Bb2 Rb8 14. Rab1 Bh6 15. f4 Qc7 16. Nd1 Bg7 17. Ne3 bxc4 18. bxc4 Rb4 19. Bc3 Ba4 20. Qd3 Rbb8 21. Nf3 Bd7 22. h3 Nh5 23. Bxg7 Kxg7 24. Kh2 Rxb1 25. Rxb1 Rb8 26. Rxb8 Qxb8 27. Qc3+ 1-0

[Event "Lueneburg Open-A 2019"]
[Site "Lueneburg"]
[Date "2019.08.08"]
[Round "6.27"]
[White "Kiesel, Harald"]
[Black "Kasipour Azbari, Seyed Arvin"]
[Result "1-0"]
[ECO "B25"]
[WhiteElo "2023"]
[BlackElo "1765"]
[Annotator "NA"]
[PlyCount "63"]
[EventDate "2019.08.03"]
[EventType "swiss"]
[EventCountry "GER"]
[SourceTitle "playchess.com"]
[Source "ChessBase"]
[SourceQuality "1"]
[TimeControl "40/5400+30:1800+30"]

1. e4 c5 2. Nc3 Nc6 3. g3 g6 4. Bg2 Bg7 5. d3 d6 6. f4 e6 7. Nf3 Nge7 8. Be3 Nd4 9. O-O O-O 10. e5 Nef5 11. Bf2 Nxf3+ 12. Qxf3 dxe5 13. Bxc5 exf4 14. Bxf8 Kxf8 15. Qxf4 Qb6+ 16. Kh1 Qxb2 17. Na4 Qd4 18. Rab1 Qxf4 19. Rxf4 Rb8 20. Nc5 b6 21. Ra4 Ne3 22. Rxa7 Bd4 23. Nd7+ Bxd7 24. Rxd7 e5 25. a4 Nxg2 26. Kxg2 Rc8 27. c4 Ra8 28. g4 Ke8 29. Rb7 f5 30. gxf5 gxf5 31. Rf1 f4 32. Rf3 1-0

[Event "Lueneburg Open-A 2019"]
[Site "Lueneburg"]
[Date "2019.08.08"]
[Round "6.28"]
[White "Andersen, Jens Knud"]
[Black "Krotofil, Kurt"]
[Result "1-0"]
[ECO "D05"]
[WhiteElo "2141"]
[BlackElo "1889"]
[Annotator "NA"]
[PlyCount "47"]
[EventDate "2019.08.03"]
[EventType "swiss"]
[EventCountry "GER"]
[SourceTitle "playchess.com"]
[Source "ChessBase"]
[SourceQuality "1"]
[TimeControl "40/5400+30:1800+30"]

1. d4 Nf6 2. Nf3 d5 3. e3 e6 4. Bd3 Bd6 5. O-O O-O 6. b3 Nbd7 7. Bb2 c5 8. Nbd2 Qc7 9. c4 cxd4 10. exd4 b6 11. Rc1 Qb8 12. Re1 Bb7 13. Ne5 Rd8 14. Qe2 a6 15. Qe3 Nf8 16. c5 Bxe5 17. dxe5 d4 18. Qg3 Nd5 19. c6 Bc8 20. Bxd4 Ra7 21. Ne4 Nb4 22. Nd6 Nxd3 23. Qxd3 a5 24. Qe3 1-0

[Event "Lueneburg Open-A 2019"]
[Site "Lueneburg"]
[Date "2019.08.08"]
[Round "6.30"]
[White "Reuker, Matthias"]
[Black "Melzer, Marcel"]
[Result "1-0"]
[ECO "B33"]
[WhiteElo "2012"]
[BlackElo "1843"]
[Annotator "NA"]
[PlyCount "63"]
[EventDate "2019.08.03"]
[EventType "swiss"]
[EventCountry "GER"]
[SourceTitle "playchess.com"]
[Source "ChessBase"]
[SourceQuality "1"]
[TimeControl "40/5400+30:1800+30"]

1. e4 c5 2. Nf3 Nc6 3. d4 cxd4 4. Nxd4 Nf6 5. Nc3 e5 6. Ndb5 d6 7. Nd5 Nxd5 8. exd5 Nb8 9. a4 a6 10. Na3 Be7 11. Nc4 Nd7 12. a5 b5 13. axb6 Nxb6 14. Bd2 Nxc4 15. Bxc4 Qb6 16. Qe2 O-O 17. b4 Bd7 18. O-O Bb5 19. Bd3 Qd4 20. c4 Bd7 21. Be3 Qh4 22. f3 f5 23. Bf2 Qh5 24. c5 e4 25. fxe4 Qxe2 26. Bxe2 fxe4 27. c6 Bf5 28. Be3 Bf6 29. Rxa6 Rxa6 30. Bxa6 Bc8 31. Bxc8 Rxc8 32. b5 1-0

[Event "Lueneburg Open-A 2019"]
[Site "Lueneburg"]
[Date "2019.08.08"]
[Round "6.31"]
[White "Schaefer, Maik"]
[Black "Nielsen, Joerg"]
[Result "0-1"]
[ECO "B05"]
[WhiteElo "1781"]
[BlackElo "2000"]
[Annotator "NA"]
[PlyCount "144"]
[EventDate "2019.08.03"]
[EventType "swiss"]
[EventCountry "GER"]
[SourceTitle "playchess.com"]
[Source "ChessBase"]
[SourceQuality "1"]
[TimeControl "40/5400+30:1800+30"]

1. e4 Nf6 2. e5 Nd5 3. d4 d6 4. Nf3 Bg4 5. Be2 e6 6. O-O Be7 7. c4 Nb6 8. Nc3 O-O 9. Be3 Nc6 10. c5 dxc5 11. dxc5 Nd7 12. Qa4 Bxf3 13. Bxf3 Ndxe5 14. Be4 f5 15. Rad1 Qc8 16. Bc2 Kh8 17. b4 a6 18. Rfe1 Bf6 19. Ne2 Nc4 20. Bc1 Nb2 21. Bxb2 Bxb2 22. Qb3 Be5 23. a3 Qe8 24. Qh3 Rd8 25. f4 Rxd1 26. Rxd1 Bf6 27. g4 g6 28. Nc1 Nd4 29. Bb1 Qc6 30. Kf2 fxg4 31. Qxg4 Nf5 32. Ne2 Rd8 33. Rxd8+ Bxd8 34. Ng3 Qd5 35. Qe2 Qd4+ 36. Kg2 Ne3+ 37. Kh1 Qxf4 38. Be4 c6 39. Qd2 Bh4 40. Bg2 Nxg2 41. Qxg2 Bxg3 42. hxg3 Qc1+ 43. Kh2 Qe3 44. Qf1 Kg7 45. Qd1 Qf2+ 46. Kh3 Qf5+ 47. g4 Qd5 48. Qe1 g5 49. Kg3 e5 50. Qf2 Qd4 51. Qe2 Qf4+ 52. Kg2 Kf6 53. Qd1 Qe4+ 54. Kh3 Qe3+ 55. Kh2 Qd4 56. Qb3 Qxg4 57. Qg8 Qh5+ 58. Kg2 Qf7 59. Qd8+ Qe7 60. Qc8 e4 61. Qh8+ Kg6 62. Qg8+ Kh5 63. Qc8 Qf7 64. Qh3+ Kg6 65. Qc8 h5 66. Qd8 h4 67. Qd6+ Kh5 68. Qd8 Qf3+ 69. Kg1 h3 70. Qh8+ Kg4 71. Qc8+ Kg3 72. Qc7+ Qf4 0-1

[Event "Lueneburg Open-A 2019"]
[Site "Lueneburg"]
[Date "2019.08.08"]
[Round "6.32"]
[White "Darpan, Inani"]
[Black "Ishak, Rashid"]
[Result "1-0"]
[ECO "C56"]
[WhiteElo "1956"]
[BlackElo "2141"]
[Annotator "NA"]
[PlyCount "63"]
[EventDate "2019.08.03"]
[EventType "swiss"]
[EventCountry "GER"]
[SourceTitle "playchess.com"]
[Source "ChessBase"]
[SourceQuality "1"]
[TimeControl "40/5400+30:1800+30"]

1. e4 e5 2. Nf3 Nc6 3. Bc4 Nf6 4. d4 exd4 5. O-O Nxe4 6. Re1 d5 7. Bxd5 Qxd5 8. Nc3 Qh5 9. Nxe4 Be6 10. Bg5 Bb4 11. Nxd4 Qxd1 12. Rexd1 h6 13. Nxe6 fxe6 14. Bf4 e5 15. Be3 Rf8 16. c3 Be7 17. b4 Rf7 18. Rd5 a6 19. a4 b6 20. Rad1 Rd8 21. Rxd8+ Bxd8 22. b5 axb5 23. axb5 Na7 24. Rd5 Re7 25. f3 Re6 26. c4 c6 27. Rxd8+ Kxd8 28. Bxb6+ Kc8 29. Bxa7 Re7 30. Bc5 Rd7 31. Nd6+ Kb8 32. b6 1-0

[Event "Lueneburg Open-A 2019"]
[Site "Lueneburg"]
[Date "2019.08.08"]
[Round "6.33"]
[White "Wozny, Michael"]
[Black "Weidenhoefer, Max"]
[Result "1/2-1/2"]
[ECO "A04"]
[WhiteElo "1942"]
[BlackElo "1805"]
[Annotator "NA"]
[PlyCount "62"]
[EventDate "2019.08.03"]
[EventType "swiss"]
[EventCountry "GER"]
[SourceTitle "playchess.com"]
[Source "ChessBase"]
[SourceQuality "1"]
[TimeControl "40/5400+30:1800+30"]

1. Nf3 c5 2. g3 g6 3. Bg2 Bg7 4. O-O Nc6 5. c3 e5 6. d3 Nge7 7. Be3 d6 8. d4 cxd4 9. cxd4 Qb6 10. Na3 e4 11. d5 Qxb2 12. Nc4 Qxa1 13. Qa4 Qxf1+ 14. Bxf1 O-O 15. dxc6 exf3 16. Nxd6 fxe2 17. Bxe2 Nxc6 18. Nxc8 Raxc8 19. Kg2 a6 20. Bg4 Rcd8 21. Bf3 Rc8 22. Bg4 f5 23. Bf3 Kh8 24. Qb3 Nd8 25. Qa3 Rc3 26. Qd6 Rc2 27. Bd4 Kg8 28. Qd5+ Nf7 29. Be3 Re8 30. Ba7 Rb2 31. Qc4 Rb5 1/2-1/2